 Dungeon Crawl Stone Soup version 0.29-a0-284-gf9362112df (webtiles) character file.

Game seed: 12444861580114971810

5239 rabbitsville the Geomancer (level 10, -10/69 HPs)
             Began as a Demigod Earth Elementalist on Mar 28, 2022.
             Mangled by an orc knight
             ... wielding a +0 war axe
              (22 damage)
             ... in a bailey.
             The game lasted 00:41:27 (10643 turns).

rabbitsville the Geomancer (DgEE)                  Turns: 10643, Time: 00:41:28

Health: -10/69     AC:  7    Str:  9    XL:     10   Next: 14%
Magic:  0/18       EV: 12    Int: 31    God:
Gold:   430        SH:  0    Dex: 14    Spells: 7/15 levels left

rFire   + + .      SeeInvis .   B - +9 falchion "Buinex" {speed, Int+2}
rCold   x . .      Faith    .   (no shield)
rNeg    . . .      Spirit   .   y - +0 robe "Iliug" {Harm rElec rF++ rC-}
rPois   .          Reflect  .   A - +2 hat
rElec   +          Harm     +   (no cloak)
rCorr   .          Rampage  .   n - +1 pair of gloves
Will    ++...                   v - +0 pair of boots
Stlth   ++++++....              (no amulet)
HPRegen 0.21/turn               H - ring of willpower
MPRegen 0.16/turn               p - ring of Shadows {Umbra +Inv Stlth+}

@: wreathed by umbra
A: high MP 1, forlorn, divine attributes
a: Evoke Invisibility


You were in a bailey.
You visited 1 branch of the dungeon, and saw 9 of its levels.
You also visited: Bailey.

You collected 430 gold pieces.

Inventory:

Hand Weapons
 w - the +6 quarterstaff of the Lusting Gods {protect, Fly}
   (You found it on level 6 of the Dungeon)

   It grants its wielder temporary protection when it strikes (+7 to AC).
   Fly:       It grants you flight.
 B - the +9 falchion "Buinex" (weapon) {speed, Int+2}
   (You found it on level 8 of the Dungeon)

   Attacks with this weapon are significantly faster.
   Int:       It affects your intelligence (+2).
Missiles
 a - 150 stones
 d - 15 poisoned darts
 x - a throwing net
Armour
 n - a +1 pair of gloves (worn)
 v - a +0 pair of boots (worn)
 y - the +0 robe "Iliug" (worn) {Harm rElec rF++ rC-}
   (You found it on level 6 of the Dungeon)

   rF:        It greatly protects you from fire.
   rC:        It makes you vulnerable to cold.
   rElec:     It insulates you from electricity.
   Harm:      It increases damage dealt and taken.
 A - a +2 hat (worn)
Jewellery
 i - a ring of see invisible
 j - a ring of poison resistance
 p - the ring of Shadows (right hand) {Umbra +Inv Stlth+}
   (You found it on level 4 of the Dungeon)

   [ring of stealth]

   It surrounds you with an aura of shadow, increasing your stealth and reducing
   the accuracy of all others within it.
   +Inv:      It lets you turn invisible.
   Stlth:     It makes you more stealthy.
 C - a ring of protection from cold
 F - an amulet of guardian spirit
 H - a ring of willpower (left hand)
Wands
 r - a wand of iceblast (13)
 E - a wand of acid (9)
 G - a wand of paralysis (10)
 I - a wand of digging (6)
Scrolls
 f - 6 scrolls of teleportation {unknown}
 h - 6 scrolls of identify {unknown}
 l - a scroll of magic mapping {unknown}
 m - 2 scrolls of noise {unknown}
 o - a scroll of amnesia {unknown}
 s - a scroll of enchant weapon {unknown}
 z - a scroll of blinking {unknown}
 D - a scroll of fog {unknown}
Potions
 b - a potion of flight {unknown}
 k - 2 potions of curing {unknown}
 t - a potion of invisibility {unknown}
 u - 2 potions of heal wounds {unknown}


   Skills:
 - Level 1.7 Dodging
 - Level 5.3 Stealth
 - Level 3.2 Spellcasting
 - Level 2.5 Conjurations
 + Level 5.1 Transmutations
 * Level 11.9 Earth Magic


You had 7 spell levels left.
You knew the following spells:

 Your Spells              Type           Power      Damage    Failure   Level
a - Sandblast             Erth           100%       2d20      1%          1
b - Stone Arrow           Conj/Erth      98%        3d13      1%          3
c - Petrify               Tmut/Erth      55%        N/A       1%          4

Your spell library contained the following spells:

 Spells                   Type           Power      Damage    Failure   Level
 Passwall                 Tmut/Erth      45%        N/A       1%          2
 Wereblood                Tmut           36%        N/A       1%          2
 Magic Dart               Conj           80%        1d7       2%          1
 Searing Ray              Conj           40%        2d5       3%          2
 Animate Skeleton         Necr           8%         N/A       7%          1
 Pain                     Necr           16%        1d4       7%          1
 Blink                    Tloc           8%         N/A       10%         2
 Sublimation of Blood     Necr           4%         N/A       10%         2
 Lesser Beckoning         Tloc           4%         N/A       21%         3
 Portal Projectile        Hex/Tloc       8%         N/A       21%         3
 Vampiric Draining        Necr           4%         2d6       21%         3
 Fulminant Prism          Conj/Hex       6%         3d7       36%         4
 Irradiate                Conj/Tmut      14%        3d18      36%         5
 Manifold Assault         Tloc           4%         N/A       88%         5
 Summon Cactus Giant      Summ           2%         N/A       100%        6
 Summon Hydra             Summ           2%         N/A       100%        7


Dungeon Overview and Level Annotations

Branches:
Dungeon (9/15)             Temple (0/1) D:7            Lair (0/6) D:8
 Bailey (1/1)
    Orc: D:9-12

Shops:
D:2 :

Annotations:
D:1 exclusion: downstairs


Innate Abilities, Weirdness & Mutations

You have an increased reservoir of magic. (+10% MP)
You shall have no god before yourself.
Your divine heritage dramatically boosts your attributes as you level up.


Message History

Press: ? - help, Q - select action, (/) - cycle Shift-Dir - straight line, f/p - orc knight
Aim: an orc knight, wielding a +0 war axe and wearing a +0 plate armour (severely wounded, petrified, umbra, 100% to hit)
The stone arrow hits the orc knight!
The orc knight is severely wounded.
Aiming: Sandblast (safe; 1% risk of failure)
Press: ? - help, Q - select action, (/) - cycle Shift-Dir - straight line, f/p - orc knight
Aim: an orc knight, wielding a +0 war axe and wearing a +0 plate armour (severely wounded, petrified, umbra, 100% to hit)
The blast of sand hits the orc knight but does no damage.
The orc knight is severely wounded.
You float gracefully downwards.
The +6 quarterstaff of the Lusting Gods {protect, Fly} goes still.
You feel clever.
Your hands tingle!
B - the +9 falchion "Buinex" (weapon)
{speed, Int+2} The helpless orc knight fails to defend itself.
You hit the orc knight.
The orc knight is severely wounded.
The orc knight is no longer petrified.
The orc knight closely misses you.
You barely miss the orc knight.
The orc knight is severely wounded.
The orc knight closely misses you.
You barely miss the orc knight.
The orc knight is severely wounded.
The orc knight hits you with a +0 war axe.
Aiming: Sandblast (safe; 1% risk of failure)
Press: ? - help, Q - select action, (/) - cycle Shift-Dir - straight line, f/p - orc knight
Aim: an orc knight, wielding a +0 war axe and wearing a +0 plate armour (severely wounded, umbra, 84% to hit)
The blast of sand hits the orc knight.
The orc knight is almost dead.
The orc knight hits you with a +0 war axe!
You barely miss the orc knight.
The orc knight is almost dead.
The orc knight hits you with a +0 war axe!
You hit the orc knight.
The orc knight is almost dead.
The orc knight hits you with a +0 war axe!!
* * * LOW HITPOINT WARNING * * *
The orc knight attacks as you move away!
The orc knight hits you with a +0 war axe!!
You die...

##........ #.).......
#.)....... #.....⌠...
#...o).... #....)....
♣♣♣♣♣ ###..g.....
♣♣♣.♣.♣♣♣ ###.#o#.....#
♣.....♣.♣###...@.###)###
♣♣......##.........###
♣♣.......#...........#
♣........'..)........#
♣...∩.∩..'.....⌠.....#
♣...)))..'.......)...#
♣♣.......#...........#
♣♣......##.........###
♣....♣.♣###....)###.###


You could see an orc knight, an orc warrior (petrified) and a hobgoblin.

Vanquished Creatures
  Gastronok (D:8)
  A centaur warrior (D:8)
  Sigmund (D:2)
  A wyvern (D:7)
  2 steam dragons
  3 water moccasins
  An orc warrior (D:8)
  A sky beast (D:6)
  2 black bears
  An ice beast (D:6)
  2 centaurs (D:5)
  3 ogres
  A phantom (D:7)
  2 kobold brigands
  A bullfrog (D:6)
  3 necrophages
  2 gnoll sergeants (D:7)
  3 scorpions
  8 wights (D:6)
  A gnoll shaman (D:6)
  An orc priest (D:8)
  3 hounds
  3 iguanas (D:5)
  6 orc wizards
  13 gnolls
  6 adders
  2 white imps
  3 ufetubi
  3 worms
  A dart slug (D:5)
  21 orcs
  9 endoplasms
  3 giant cockroaches
  15 goblins
  5 hobgoblins
  2 jackals (D:1)
  17 kobolds
  2 quokkas
  3 ball pythons
  13 bats
  3 frilled lizards
  7 rats
181 creatures vanquished.

Notes
Turn   | Place    | Note
-------+----------+-------------------------------------------
     0 | D:1      | rabbitsville the Demigod Earth Elementalist began the quest
                  | for the Orb.
     0 | D:1      | Reached XP level 1. HP: 14/14 MP: 5/5
   426 | D:1      | Reached skill level 3 in Earth Magic
   813 | D:1      | Reached XP level 2. HP: 15/20 MP: 5/7
  2268 | D:2      | Found Ofuzuph's Book Boutique.
  2286 | D:2      | Reached XP level 3. HP: 22/26 MP: 3/8
  2349 | D:2      | Noticed Sigmund
  3083 | D:2      | Killed Sigmund
  3084 | D:2      | Reached skill level 5 in Earth Magic
  3084 | D:2      | Reached XP level 4. HP: 14/33 MP: 7/11
  3084 | D:2      | Reached XP level 5. HP: 16/38 MP: 7/12
  4269 | D:4      | Noticed a black bear
  4339 | D:4      | Killed a black bear
  4340 | D:4      | Reached skill level 1 in Conjurations
  4340 | D:4      | Reached XP level 6. HP: 45/45 MP: 9/13
  4623 | D:4      | Reached skill level 6 in Earth Magic
  4795 | D:4      | Found the ring of Shadows {Umbra +Inv Stlth+}
  5061 | D:5      | Entered Level 5 of the Dungeon
  5066 | D:5      | Learned a level 3 spell: Stone Arrow
  5089 | D:5      | Reached XP level 7. HP: 42/50 MP: 11/14
  5724 | D:5      | Reached skill level 7 in Earth Magic
  6408 | D:6      | Identified the +6 quarterstaff of the Lusting Gods
                  | {protect, Fly}
  6478 | D:6      | Reached skill level 8 in Earth Magic
  6478 | D:6      | Reached XP level 8. HP: 57/57 MP: 11/16
  6489 | D:6      | Got the Tome of Supportive Translocation
  6826 | D:6      | Identified the +0 robe "Iliug" {Harm rElec rF++ rC-}
  7030 | D:6      | Reached skill level 9 in Earth Magic
  7031 | D:6      | Reached skill level 5 in Stealth
  7460 | D:7      | Found a staircase to the Ecumenical Temple.
  7678 | D:7      | Reached skill level 1 in Transmutations
  8027 | D:7      | Reached XP level 9. HP: 62/62 MP: 10/17
  8040 | D:7      | Reached skill level 10 in Earth Magic
  8903 | D:8      | Noticed Gastronok
  9123 | D:8      | Killed Gastronok
  9124 | D:8      | Reached skill level 11 in Earth Magic
  9228 | D:8      | Identified the +9 falchion "Buinex" {speed, Int+2}
  9236 | D:8      | Noticed a centaur warrior
  9285 | D:8      | Learned a level 4 spell: Petrify
  9288 | D:8      | Paralysed by an orc warrior for 4 turns
  9469 | D:8      | Identified the +5 ring mail of Imperfection {-Cast Str+4
                  | Stlth+}
  9635 | D:8      | Killed a centaur warrior
  9636 | D:8      | Reached skill level 5 in Transmutations
  9636 | D:8      | Reached XP level 10. HP: 14/69 MP: 1/18
 10163 | D:8      | Found a staircase to the Lair.
 10332 | D:9      | Found a flagged portal.
 10350 | Bailey   | Entered a bailey
 10621 | Bailey   | Noticed an orc knight
 10643 | Bailey   | Mangled by an orc knight

Illustrated notes

Levels and vault maps discovered:
D:1:      nzn_arrival_crosshair, layout_loops_corners, corner_web_ring,
          grunt_decor_one_mirror
D:2:      layout_basic, serial_shops, shop, basic_altar, uniq_sigmund
D:3:      layout_basic, st_stairs_10, chequers_serial_rivers_marsh
D:4:      layout_loops_cross, hangedman_abyss_or_decor_passed
D:5:      layout_loops_cross, hangedman_glass_teeth
D:6:      layout_loops_ring, nicolae_ru_the_path_less_chosen, tso_altar
D:7:      layout_loops_ring, nicolae_uskayaw_dance_studio,
          grunt_dithmenos_smoke_and_mirrors, minmay_temple_entry_tees
D:8:      layout_rooms, lair_entry_dummy, dreamdust_princess_corridor,
          uniq_gastronok
D:9:      layout_basic, enter_bailey_5, kennysheep_generic_room_10
Bailey:   bailey_axe_minmay_hex_keep, bailey

Skill      XL: |  1  2  3  4  5  6  7  8  9 |
---------------+----------------------------+-----
Earth Magic    | 3 5 6 8 9 11 | 11.9
Spellcasting   | 2 3 |  3.2
Conjurations   | 1 2 |  2.5
Stealth        | 3 5 |  5.3
Transmutations | 1 5 |  5.1
Dodging        | |  1.7

Action                   |  1- 3 |  4- 6 |  7- 9 | 10-12 || total
-------------------------+-------+-------+-------+-------++-------
Melee: Club              |    17 |       |       |       ||    17
       Unarmed           |    17 |       |       |       ||    17
       Short sword       |   113 |    62 |       |       ||   175
       Punch             |     1 |       |       |       ||     1
       Dagger            |       |    11 |    17 |       ||    28
       Quarterstaff      |       |       |    28 |       ||    28
       Falchion          |       |       |     2 |     5 ||     7
Throw: Dart              |     3 |     2 |     7 |       ||    12
 Cast: Sandblast         |    24 |    34 |    53 |    12 ||   123
       Stone Arrow       |       |       |    75 |    20 ||    95
       Petrify           |       |       |     2 |     4 ||     6
  Use: Potion            |       |       |       |     1 ||     1
 Stab: Sleeping          |     4 |     4 |     2 |       ||    10
       Petrified         |       |       |       |     1 ||     1
Armor: Robe              |    32 |    23 |    24 |       ||    79
Dodge: Dodged            |   130 |    59 |    68 |     2 ||   259

Table legend: (Time is in decaauts)
 A = Elapsed time spent in this place.
 B = Non-inter-level travel time spent in this place.
 C = Inter-level travel time spent in this place.
 D = Time resting spent in this place.
 E = Time spent auto-exploring this place.
 F = Levels seen in this place.
 G = Mean time per level.
                   A        B        C        D        E       F      G
               +--------+--------+--------+--------+--------+-----+--------+
         Total |  10723 |  10190 |    533 |   2203 |   5626 |  10 | 1072.3 |
       Dungeon |  10432 |   9899 |    533 |   2046 |   5626 |   9 | 1159.1 |
        Bailey |    291 |    291 |      0 |    157 |      0 |   1 |  291.0 |
               +--------+--------+--------+--------+--------+-----+--------+

Top non-repeatable levels by time:
     D:1: 2521 daAuts
     D:7: 1735 daAuts
     D:6: 1339 daAuts
     D:5: 1295 daAuts
     D:2: 1025 daAuts
     D:8: 928 daAuts
     D:4: 903 daAuts
     D:3: 638 daAuts
  Bailey: 291 daAuts
     D:9: 43 daAuts
